Map: Nightshade LE

Players

BerryRAWR - Winner!

  • Race: Terran Terran
  • League: Master
  • Spawn Location: 11:00

Wilo

  • Race: Zerg Zerg
  • League: Master
  • Spawn Location: 5:00

VOD

Have the link to the VOD?

Description

Time

  • Played on: April 27, 2020, 3:06 a.m.
  • Length: 27:38
Show
View Real Time Build Order
Export as new Build Order

BerryRAWR Terran - Winner!

Build Orders: Gas First Reaper Expand, Liberator Opening 

Get SALT Encoding   

  12  0:00  SCV  
  13  0:13  SCV  
  14  0:19  Supply Depot  
  14  0:25  SCV  
  15  0:33  Refinery  
  15  0:40  SCV  
  16  0:44  Barracks  
  16  0:52  SCV  
  17  1:04  SCV  
  18  1:16  SCV  
  19  1:31  Reaper  
  19  1:32  Orbital Command  
  20  1:45  Command Center  
  20  1:56  Factory  
  20  2:00  SCV  
  21  2:12  SCV, Barracks Reactor  
  22  2:15  Supply Depot  
  22  2:20  Refinery  
  22  2:24  SCV  
  23  2:37  SCV  
  24  2:49  SCV  
  24  2:50  Starport  
  25  2:52  Hellion  
  25  2:53  Hellion  
  25  2:56  Marine  
  30  3:03  Orbital Command  
  30  3:04  SCV  
  31  3:14  Hellion x2  
  31  3:15  Marine  
  36  3:24  Supply Depot  
  36  3:27  Liberator  
  39  3:39  Hellion x2  
  39  3:41  SCV  
  44  3:43  SCV  
  45  3:53  SCV  
  47  3:55  SCV, Supply Depot  
  47  4:05  SCV, Hellion  
  47  4:07  SCV, Hellion  
  53  4:11  Armory  
  53  4:18  SCV, Liberator  
  53  4:19  SCV  
  58  4:28  Supply Depot  
  58  4:34  SCV x2  
  58  4:37  Barracks Tech Lab  
  60  4:46  SCV, Factory Tech Lab  
  60  4:47  SCV  
  59  4:56  Stimpack, Marine  
  59  4:59  SCV x2  
  62  5:01  Command Center  
  62  5:09  Siege Tank  
  62  5:11  SCV x2  
  62  5:13  Viking  
  69  5:16  Barracks  
  62  5:27  Marine  
  59  5:31  SCV x2  
  59  5:33  Barracks x2  
  59  5:34  Barracks  
  61  5:36  Engineering Bay  
  61  5:39  Engineering Bay  
  59  5:49  Siege Tank  
  58  5:51  SCV x2  
  60  5:59  Starport Reactor, Marine  
  60  6:03  SCV x2  
  60  6:04  Refinery  
  63  6:05  Refinery  
  63  6:08  Terran Infantry Weapons Level 1  
  63  6:15  SCV x2  
  63  6:16  Orbital Command  
  63  6:17  Marine  
  66  6:27  Barracks Reactor x2, Supply Depot x2, SCV x2  
  66  6:28  Barracks Reactor  
  68  6:34  Marine  
  68  6:35  Marine x2  
  68  6:38  Supply Depot  
  68  6:39  SCV, Medivac  
  74  6:44  Orbital Command  
  74  6:49  Supply Depot x2  
  74  6:52  Marine x2  
  74  6:53  Marine  
  59  6:54  Medivac  
  79  7:02  Siege Tank  
  79  7:04  Marine x4  
  79  7:06  Marine x2  
  88  7:10  Marine x2  
  88  7:11  Marine  
  88  7:13  SCV x2  
  93  7:16  SCV  
  93  7:22  Marine x4  
  97  7:23  Medivac, Marine x2  
  97  7:25  SCV  
  97  7:28  Marine x3  
  106  7:30  Combat Shield  
  106  7:39  Marine  
  106  7:41  Marine  
  106  7:43  Siege Tank  
  105  7:59  Marine x3  
  105  8:00  Marauder, Marine x2  
  105  8:01  Medivac x2  
  109  8:07  Marine x3  
  109  8:09  SCV x2  
  109  8:10  SCV  
  115  8:13  Supply Depot  
  115  8:14  Supply Depot  
  115  8:15  Siege Tank  
  115  8:18  Terran Infantry Armor Level 1  
  117  8:20  Command Center  
  117  8:21  SCV, Marauder  
  117  8:27  SCV x2  
  117  8:29  Bunker  
  117  8:31  Command Center  
  117  8:33  Marine x2  
  118  8:35  Marine x2  
  118  8:36  Marine  
  121  8:47  Siege Tank  
  121  9:00  Marauder, Marine x5  
  121  9:01  Medivac x2  
  127  9:02  Marine  
  127  9:03  SCV, Marine  
  127  9:04  SCV x2  
  127  9:05  Marine  
  131  9:15  SCV  
  131  9:17  Marine  
  131  9:18  Marine x4  
  131  9:21  Terran Vehicle Weapons Level 1, SCV x2  
  140  9:25  Refinery  
  140  9:27  Terran Infantry Weapons Level 2  
  140  9:28  Refinery  
  140  9:31  Medivac  
  140  9:32  Marauder  
  140  9:33  Marine x2  
  134  9:40  Siege Tank  
  123  9:46  SCV x2  
  123  9:47  Marine  
  123  9:48  Marine  
  127  9:53  Marauder  
  127  9:54  SCV  
  127  9:56  Marine x4  
  127  9:58  SCV  
  127  9:59  SCV  
  136  10:00  Medivac  
  138  10:07  SCV  
  138  10:11  SCV x2  
  141  10:15  Marauder  
  141  10:17  Planetary Fortress  
  141  10:19  SCV  
  141  10:20  Planetary Fortress  
  144  10:23  SCV x2  
  144  10:25  Marine x2  
  144  10:26  Marine x4  
  144  10:27  Marine  
  153  10:31  SCV  
  153  10:35  SCV x2  
  155  10:36  Marauder  
  158  10:43  SCV, Terran Infantry Armor Level 2  
  158  10:46  Barracks  
  158  10:47  SCV  
  158  10:48  SCV, Barracks x2  
  161  10:53  Marine x3  
  161  10:54  Marine x4  
  161  10:55  Siege Tank  
  171  10:59  Sensor Tower  
  171  11:02  Refinery x2  
  171  11:03  Sensor Tower  
  171  11:05  SCV x4, Marauder, Ghost Academy  
  171  11:07  Ghost Academy  
  171  11:08  Ghost Academy  
  171  11:10  Marine  
  174  11:11  Marine  
  174  11:17  SCV x3  
  160  11:26  Marauder  
  160  11:27  Siege Tank  
  160  11:28  Marine x7  
  172  11:37  Missile Turret, Barracks Tech Lab x2  
  172  11:38  Barracks Tech Lab  
  172  11:39  Missile Turret, Personal Cloaking  
  172  11:43  Terran Infantry Weapons Level 3  
  172  11:45  Nuke  
  172  11:46  SCV x2  
  174  11:47  SCV  
  174  11:48  Marauder  
  174  11:52  Marine  
  174  11:53  Marine  
  179  11:54  Command Center  
  179  12:11  Siege Tank  
  171  12:16  Medivac  
  171  12:19  Medivac  
  178  12:23  Nuke  
  178  12:24  Marine  
  179  12:32  Supply Depot, Terran Vehicle Weapons Level 2  
  179  12:33  Supply Depot x2  
  179  12:35  SCV x4, Marine x4  
  187  12:42  Command Center  
  187  12:51  Unknown x3  
  187  12:53  Marine x4  
  187  12:56  Marauder, Marine x3, Siege Tank  
  199  13:05  Nuke  
  199  13:07  Terran Infantry Armor Level 3  
  199  13:08  Ghost Academy  
  191  13:54  Unknown x2  
  181  14:05  Marine x2  
  181  14:09  Orbital Command  
  191  14:15  Nuke x3  
  189  14:26  Command Center  
  189  14:30  Siege Tank  
  192  14:33  Unknown x4  
  192  14:36  Refinery  
  196  14:40  Missile Turret x2, Sensor Tower  
  196  14:41  Missile Turret, Refinery  
  198  14:56  Marine x2  
  200  15:01  Unknown x2  
  200  15:03  Planetary Fortress, Command Center  
  200  15:05  Missile Turret  
  200  15:07  Unknown x2  
  200  15:09  Missile Turret  
  156  15:47  Marauder x3, Marine x4  
  156  15:48  Marauder  
  135  15:56  Siege Tank  
  122  15:57  Marine x2  
  122  15:58  Marine x2  
  122  16:01  Medivac x2  
  122  16:03  Command Center  
  114  16:05  Marine x4  
  114  16:09  Marauder x4  
  125  16:14  SCV x5  
  125  16:15  Marine x4  
  134  16:22  Marine x2  
  134  16:23  Marine x2  
  134  16:24  Terran Vehicle Weapons Level 3, Missile Turret  
  138  16:26  SCV x2, Missile Turret  
  138  16:28  Missile Turret  
  138  16:30  Marauder x3, Marine  
  138  16:31  Medivac x2  
  138  16:32  Siege Tank  
  154  16:33  Marine x3  
  155  16:42  Marine  
  156  16:51  Marine x3  
  167  17:00  Medivac  
  167  17:01  Medivac  
  171  17:04  Marine  
  171  17:05  Marine x3  
  175  17:16  Unknown  
  175  17:17  Marauder  
  175  17:20  Unknown x3  
  183  17:33  Marine x3  
  183  17:34  Marine x3  
  191  17:44  Marine x2  
  191  17:48  Unknown x3  
  191  17:49  Marauder x2  
  199  17:51  Marine x3  
  195  18:06  Unknown  
  195  18:10  Marauder x2  
  199  18:17  Unknown  
  199  18:24  Planetary Fortress  
  199  18:30  Marine  
  200  18:48  Missile Turret  
  200  18:50  Missile Turret  
  200  18:51  Missile Turret  
  147  19:11  Marine x3  
  147  19:12  Marauder x2  
  147  19:13  Marauder, Marine x3  
  145  19:22  Marine x2  
  145  19:23  Marine  
  134  19:24  Siege Tank  
  134  19:29  Marine x3  
  128  19:33  Marauder  
  129  19:43  SCV x4  
  129  19:48  Marauder, Marine x4  
  135  19:58  Siege Tank  
  138  20:05  Medivac x2  
  138  20:06  Marauder, Marine  
  143  20:07  Marine x2  
  143  20:08  Command Center  
  143  20:10  Nuke x4  
  143  20:12  Barracks Tech Lab  
  142  20:27  Marine x2  
  142  20:28  Refinery, Marauder, Marine x2  
  148  20:30  Siege Tank  
  148  20:32  Refinery  
  148  20:35  Medivac x2  
  110  20:50  Marine x2  
  110  20:51  Marauder, Marine x2  
  110  20:54  Marauder, Marine x4  
  126  20:59  Orbital Command, Marauder x2  
  126  21:02  Siege Tank  
  129  21:08  Marine x4  
  133  21:12  Marauder, Marine  
  133  21:13  Marine  
  133  21:16  Marauder  
  139  21:20  Marine  
  139  21:21  Marauder  
  142  21:30  Marine x3  
  142  21:31  Marine x2  
  147  21:34  Siege Tank  
  146  21:47  Liberator x2  
  146  21:52  Missile Turret  
  156  21:57  Missile Turret  
  160  22:21  Unknown x2  
  146  22:28  Marine  
  144  22:30  Medivac x2  
  144  22:33  Unknown x2, Marine  
  149  22:40  Marauder x2, Marine x6  
  149  22:41  Marauder  
  149  22:43  Orbital Command  
  161  22:46  Marine  
  161  22:50  Unknown, Marauder  
  128  23:00  Medivac  
  121  23:08  SCV x5  
  126  23:13  Siege Tank  
  126  23:14  Marauder, Marine x3  
  126  23:15  Marine x5  
  126  23:16  Marine  
  139  23:20  SCV  
  132  23:33  Marine  
  116  23:34  Marauder  
  116  23:38  Marauder, Marine  
  116  23:40  Marauder, Marine x3  
  116  23:41  Marine x4  
  113  23:42  Orbital Command  
  113  23:45  Siege Tank  
  113  23:46  SCV  
  113  23:52  SCV  
  114  24:05  Orbital Command, Marine x2  
  114  24:09  SCV  
  117  24:18  Marine x2  
  119  24:42  Marine x2  
  119  24:43  Marauder  
  123  24:46  Marine x4  
  123  24:48  Siege Tank  
  123  24:52  Medivac  
  132  24:59  Marine  
  129  25:20  Siege Tank  
  121  25:32  Unknown  
  121  25:35  Marine x2  
  111  25:36  Marine  
  111  25:37  Marauder, Marine x3  
  111  25:41  Unknown  
  117  25:48  Medivac x2  
  121  25:54  Siege Tank  
  117  26:02  Marine x2  
  117  26:03  Marauder, Marine x4  
  117  26:04  Unknown x2  
  117  26:18  Medivac x2  
  117  26:22  Refinery  
  125  26:30  SCV x2  
  124  26:41  Marauder, Refinery, Marine  
  127  26:51  Unknown x2  
  124  27:17  Marine  
Show
View Real Time Build Order
Export as new Build Order

Wilo Zerg 

Build Orders: Hatch First 

Get SALT Encoding   

  12  0:00  Drone  
  13  0:12  Overlord  
  13  0:16  Drone  
  14  0:31  Drone x2  
  16  0:48  Hatchery  
  15  0:51  Drone  
  15  0:55  Drone  
  17  0:58  Drone  
  18  1:10  Extractor  
  17  1:14  Spawning Pool  
  17  1:16  Drone  
  17  1:20  Drone  
  18  1:29  Drone  
  19  1:39  Drone  
  20  1:49  Overlord  
  20  2:00  Queen x2  
  24  2:01  Zergling x4  
  26  2:11  Drone x2  
  26  2:13  Metabolic Boost  
  28  2:25  Drone x2  
  30  2:32  Spore Crawler  
  30  2:44  Hatchery  
  30  2:47  Drone x4  
  33  2:55  Overlord  
  33  3:00  Queen  
  33  3:05  Pneumatized Carapace  
  35  3:14  Drone x3  
  35  3:16  Drone  
  39  3:21  Drone x2  
  39  3:22  Drone x2  
  43  3:28  Overlord  
  43  3:36  Drone  
  44  3:42  Overlord  
  44  3:47  Queen  
  46  3:53  Queen  
  48  3:55  Queen  
  48  3:59  Zergling x8  
  54  4:13  Drone  
  54  4:15  Baneling Nest  
  54  4:16  Spore Crawler  
  53  4:19  Spore Crawler  
  53  4:23  Queen, Drone  
  53  4:24  Drone x3  
  58  4:27  Overlord  
  58  4:29  Overlord  
  58  4:43  Overlord  
  58  4:45  Queen  
  58  4:54  Zergling x18, Spore Crawler  
  66  5:03  Baneling x2  
  66  5:04  Baneling x5  
  60  5:22  Drone x9  
  60  5:27  Lair  
  60  5:28  Queen  
  69  5:35  Drone x6  
  77  5:36  Drone  
  77  5:41  Drone  
  71  5:52  Drone  
  73  5:57  Drone x3  
  75  6:06  Evolution Chamber  
  75  6:07  Extractor  
  75  6:08  Evolution Chamber, Drone x5, Extractor  
  76  6:21  Extractor  
  76  6:22  Drone x5, Extractor  
  76  6:24  Queen  
  81  6:26  Centrifical Hooks  
  81  6:27  Hatchery  
  81  6:29  Overlord  
  81  6:31  Overlord  
  80  6:35  Overseer  
  80  6:37  Drone  
  81  6:47  Overlord  
  81  6:50  Drone x7  
  88  7:02  Overlord x2  
  88  7:06  Queen  
  88  7:14  Overlord  
  88  7:16  Zerg Melee Weapons Level 1, Zerg Ground Armor Level 1  
  88  7:17  Extractor  
  87  7:23  Zergling x2  
  87  7:24  Zergling x22  
  87  7:27  Overlord  
  99  7:36  Overlord  
  99  7:39  Zergling x12  
  99  7:42  Baneling x13  
  99  7:43  Baneling x4  
  105  7:49  Zergling x14  
  112  7:56  Zergling x6  
  113  8:03  Drone x3  
  115  8:15  Drone x3  
  115  8:16  Drone  
  115  8:17  Hydralisk Den  
  115  8:18  Hatchery  
  113  8:21  Drone  
  113  8:22  Drone x6  
  106  8:29  Zergling x4  
  108  8:41  Zergling x2  
  108  8:42  Zergling x12  
  108  8:44  Zergling x6  
  112  8:51  Hatchery  
  112  8:54  Drone x5  
  105  9:03  Grooved Spines  
  105  9:04  Hydralisk  
  105  9:05  Hydralisk x6  
  119  9:12  Hydralisk  
  119  9:13  Hydralisk x3  
  119  9:16  Zergling x2  
  121  9:21  Baneling x6  
  120  9:30  Drone x2  
  120  9:31  Drone x4  
  122  9:40  Drone x7  
  126  9:46  Overlord  
  126  9:53  Drone  
  126  9:54  Hydralisk x3  
  133  10:05  Overlord x2  
  133  10:06  Drone x2  
  135  10:08  Hydralisk x5  
  135  10:12  Burrow, Zerg Melee Weapons Level 2  
  145  10:14  Muscular Augments  
  145  10:16  Zerg Ground Armor Level 2  
  145  10:24  Zergling x18  
  154  10:37  Zergling x2, Spore Crawler  
  154  10:38  Zergling x20  
  154  10:39  Spore Crawler  
  154  10:40  Baneling  
  154  10:41  Baneling x10  
  160  10:56  Zergling x8  
  164  11:00  Infestation Pit  
  163  11:06  Overlord  
  163  11:07  Overlord x5  
  161  11:12  Spore Crawler x2  
  161  11:14  Zergling x12  
  161  11:16  Hatchery  
  160  11:29  Drone x3  
  163  11:34  Zergling x36  
  163  11:37  Hive  
  181  11:48  Overlord  
  181  11:50  Hydralisk x6  
  181  11:53  Baneling x9  
  192  11:54  Baneling  
  192  11:55  Baneling x3  
  192  11:56  Baneling x2  
  186  12:15  Zergling x36  
  198  12:27  Drone x2  
  198  12:29  Zerg Missile Weapons Level 1  
  200  12:39  Baneling x12  
  199  12:52  Extractor  
  199  12:53  Extractor  
  199  12:54  Zerg Ground Armor Level 3  
  199  12:56  Adrenal Glands, Ultralisk Cavern  
  196  12:59  Viper  
  196  13:01  Nydus Network  
  196  13:02  Nydus Network  
  196  13:03  Overseer  
  197  13:06  Overseer  
  197  13:07  Overseer  
  197  13:10  Spire  
  197  13:12  Zergling x2  
  197  13:13  Zergling x6  
  197  13:30  Spore Crawler  
  197  13:33  Spore Crawler  
  184  13:41  Drone  
  184  13:47  Chitinous Plating  
  183  13:49  Ultralisk x2  
  183  13:50  Overlord  
  183  13:53  Drone x5  
  195  14:05  Extractor x2  
  159  14:11  Hatchery  
  159  14:13  Drone x3  
  159  14:14  Drone x9  
  159  14:15  Drone x4  
  159  14:16  Drone x2  
  176  14:18  Ultralisk x2  
  188  14:25  Viper  
  179  14:34  Drone x3  
  179  14:35  Drone x3  
  183  14:57  Zergling x28  
  197  15:00  Baneling x5  
  197  15:01  Baneling x2  
  197  15:05  Drone x3  
  197  15:06  Anabolic Synthesis  
  200  15:09  Zerg Missile Weapons Level 2  
  200  15:12  Baneling  
  200  15:13  Baneling x5  
  193  15:42  Zergling x28  
  159  15:57  Zergling x40  
  159  16:02  Zergling x4  
  177  16:04  Drone  
  177  16:05  Drone x3  
  180  16:13  Overseer  
  180  16:14  Overseer  
  180  16:19  Ultralisk  
  180  16:20  Baneling x6  
  180  16:21  Baneling x3  
  180  16:22  Baneling x2  
  180  16:23  Baneling  
  180  16:24  Baneling x2  
  186  16:28  Drone x3  
  186  16:29  Drone  
  186  16:42  Overseer  
  186  16:45  Zergling x26  
  199  16:49  Zerg Melee Weapons Level 3  
  199  16:53  Zerg Flyer Weapons Level 1  
  199  16:57  Baneling x12  
  199  16:58  Baneling  
  199  17:06  Overseer  
  197  17:18  Drone x2  
  199  17:25  Lurker Den  
  199  17:29  Nydus Canal x2  
  193  17:48  Zergling x14  
  199  17:54  Nydus Canal  
  199  17:55  Nydus Canal  
  192  18:00  Zergling x20  
  196  18:12  Corruptor  
  198  18:17  Spine Crawler x2  
  198  18:18  Spine Crawler  
  198  18:19  Spine Crawler  
  194  18:22  Zergling x12  
  200  18:34  Baneling x4  
  200  18:36  Baneling x6  
  200  18:39  Spore Crawler  
  199  18:44  Overseer x3  
  193  18:56  Hatchery  
  135  19:12  Zergling x50  
  135  19:13  Zergling x2  
  150  19:19  Hydralisk x7  
  145  19:31  Corruptor  
  145  19:32  Corruptor x4  
  145  19:36  Baneling x20  
  145  19:37  Baneling x6  
  145  19:38  Zergling x10  
  138  19:46  Drone x4  
  136  20:00  Overseer x2  
  136  20:01  Overseer  
  135  20:08  Zergling x6  
  135  20:09  Zergling x18  
  145  20:16  Ultralisk  
  151  20:23  Hydralisk  
  151  20:24  Hydralisk x8  
  169  20:34  Hatchery  
  155  20:41  Zergling x16  
  155  20:42  Zergling x6  
  140  20:48  Zergling x10  
  131  20:57  Baneling x4  
  131  21:01  Seismic Spines  
  131  21:03  Lurker x11  
  142  21:05  Lurker  
  142  21:08  Baneling x5  
  142  21:09  Baneling  
  143  21:16  Zergling x10  
  149  21:21  Zergling x18  
  157  21:26  Zerg Missile Weapons Level 3  
  157  21:28  Overseer  
  143  21:43  Viper x3  
  143  21:44  Viper  
  143  21:45  Hatchery  
  145  21:49  Zergling x2  
  145  21:50  Zergling x6  
  145  21:51  Baneling  
  145  21:52  Baneling x4  
  149  21:58  Adaptive Talons  
  146  22:06  Baneling x9  
  146  22:09  Zergling x18  
  144  22:21  Zergling x2  
  144  22:22  Zergling x18  
  104  22:31  Zergling x14  
  105  22:42  Baneling x7  
  104  22:46  Zergling x12  
  105  22:57  Zergling x14  
  100  23:03  Corruptor  
  98  23:10  Zergling x10  
  103  23:13  Extractor  
  103  23:14  Extractor  
  103  23:18  Zergling x10  
  87  23:36  Zergling x24  
  94  23:41  Zergling x2  
  94  23:42  Zergling x2  
  84  23:50  Hydralisk  
  84  23:51  Hydralisk x2  
  88  24:01  Overseer  
  85  24:08  Zergling x20  
  95  24:14  Corruptor  
  92  24:31  Baneling  
  92  24:32  Baneling x7  
  92  24:33  Baneling  
  92  24:37  Zergling x22  
  92  24:38  Zergling x2  
  104  24:46  Corruptor  
  107  24:52  Zergling x2  
  107  24:53  Zergling x6  
  107  24:58  Hydralisk x2  
  110  25:15  Hydralisk x3  
  87  25:31  Zergling x22  
  72  25:38  Zergling x6  
  59  25:43  Zergling x2  
  49  26:10  Hydralisk  
  49  26:11  Hydralisk  
  53  26:21  Baneling x6  
  51  26:46  Zergling x8  
  53  27:05  Zergling x2  
  53  27:06  Zergling x4  
Tags
 
Add a new tag
Caveats
  • Supply blocks, unpowered buildings, or Contaminate may cause inaccurate times.
  • Supply counts are checked every 10 seconds.